 Dungeon Crawl Stone Soup version 0.31-a0-692-gf03d1854d5 (webtiles) character file.

Game seed: 8247121311270964655

35 qw the Shooter (level 3, -1/21 HPs)
             Began as a Gargoyle Hunter on Sept 6, 2023.
             Killed from afar by Sigmund (5 damage)
             ... with a magic dart
             ... on level 2 of the Dungeon.
             The game lasted 00:00:22 (624 turns).

qw the Shooter (Gargoyle Hunter)                     Turns: 624, Time: 00:00:22

Health: -1/21      AC:  6    Str: 14    XL:     3   Next: 33%
Magic:  3/3        EV: 11    Int:  9    God:
Gold:   73         SH:  0    Dex: 15    Spells: 2/2 levels left

rFire   . . .        Y - +0 shortbow
rCold   . . .        (shield currently unavailable)
rNeg    + . .        c - +0 leather armour
rPois   inf          (no helmet)
rElec   +            (no cloak)
rCorr   .            (no gloves)
SInv    .            (no boots)
Will    .....        (no amulet)
Stlth   +            (no ring)
HPRegen 0.23/turn    (no ring)
MPRegen 0.08/turn

%: no passive effects
@: confused
A: sickness immunity, AC +3, negative energy resistance 1, electricity
resistance, torment resistance 1, petrification resistance
a: no special abilities


You were on level 2 of the Dungeon.
You visited 1 branch of the dungeon, and saw 2 of its levels.

You collected 97 gold pieces.
You spent 24 gold pieces at shops.


Innate Abilities, Weirdness & Mutations

You are immune to sickness and miasma.
Your stone body is resilient. (AC +3)
You are immune to poison.
You resist negative energy. (rN+)
You are resistant to electric shocks. (rElec)
You are resistant to unholy torment.
You are immune to petrification.


   Skills:
 + Level 2.2 Fighting
 - Level 5.1 Ranged Weapons
 - Level 1.5 Dodging
 - Level 1.1 Stealth


You had 2 spell levels left.
You didn't know any spells.
Your spell library was empty.

Inventory:

Hand Weapons
 Y - a +0 shortbow (weapon)
Armour
 b - a +0 ring mail
 c - a +0 leather armour (worn)
Jewellery
 n - a ring of ice
Scrolls
 j - a scroll of identify
Potions
 a - a potion of ambrosia {unknown}
 f - a potion of attraction {unknown}
 i - a potion of lignification {unknown}
 l - a potion of curing {unknown}

Dungeon Overview and Level Annotations

Branches:
Dungeon (2/15)

Altars:

Shops:
D:1 *

Annotations:
D:2 Natasha, Sigmund


Message History

Sigmund casts a spell at you. You resist with significant effort.
You hear an angry hiss.
You shoot an arrow. The arrow hits Sigmund.
Sigmund is lightly wounded.
You shoot an arrow. The arrow barely misses Natasha.
Natasha wildly gestures.
Natasha's front paws start to glow.
Enter note:
610 |||
Found retreat position at 1,0 (floor) with 0 blocking monsters and 1 monsters attacking at destination at distance 1 Sigmund barely misses you.
Natasha casts a spell.
612 |||
Found retreat position at 1,0 (floor) with 0 blocking monsters and 1 monsters attacking at destination at distance 1
Enter note:
612 ||| Stepping ~*~*~tactically~*~*~ (retreating).
Sigmund barely misses you.
614 |||
Found retreat position at 1,0 (floor) with 0 blocking monsters and 1 monsters attacking at destination at distance 1
614 ||| Stepping ~*~*~tactically~*~*~ (retreating).
You shoot an arrow. The arrow closely misses Sigmund.
Sigmund zaps a wand.
The puff of flame hits you but does no damage.
You shoot an arrow. The arrow barely misses Sigmund.
Sigmund casts a spell at you.
You are confused.
Sigmund says, "I'm your fate." Sigmund hits you but does no damage.
Sigmund zaps a wand.
The puff of flame hits you! Sigmund misses you.
You feel less confused.
Sigmund hits you from afar with a +0 scythe!
You shoot an arrow. The arrow hits Sigmund.
Sigmund is moderately wounded.
Sigmund says, "You will soon forget everything."
Sigmund gestures at you while chanting.
You are confused.
Sigmund zaps a wand.
The puff of flame hits you.
Sigmund points at you and mumbles some strange words.
The magic dart hits you.
You die...
Sigmund begins carving another notch in his scythe.

##.....## ...
#.......######.
#.......#......
#......%#.####.
#.....%.....#.
#....#.#.##.##
#....#.#.##.##
#######......#......
#..@<...#########...
#@####..)....#......
#.# #..####.#.##...
#h# #.........##.#.
... #.##...........
#.. #.##.##.####.#.
#!. #.##.##.# #^..
..?# #.......#
##.....##


You could see Sigmund.

Vanquished Creatures
  An adder (D:2)
  A dart slug (D:1)
  4 ball pythons
  2 bats (D:1)
  2 giant cockroaches
  3 goblins
  2 hobgoblins (D:1)
  A quokka (D:1)
  3 frilled lizards (D:1)
  2 rats (D:1)
21 creatures vanquished.

Notes
Turn   | Place    | Note
-------+----------+-------------------------------------------
     0 | D:1      | qw the Gargoyle Hunter began the quest for the Orb.
     0 | D:1      | Reached XP level 1. HP: 12/12 MP: 1/1
     0 | D:1      | 0 ||| qw: Version: 0.3-a-76-g4403597
     0 | D:1      | 0 ||| qw: Game counter: 103
     0 | D:1      | 0 ||| qw: Melee chars always use a shield: true
     0 | D:1      | 0 ||| qw: God list: Okawaru
     0 | D:1      | 0 ||| qw: Allow faded altars: false
     0 | D:1      | 0 ||| qw: Do Orc after clearing Dungeon:15 true
     0 | D:1      | 0 ||| qw: Do second Lair branch before Depths: true
     0 | D:1      | 0 ||| qw: Lair rune preference: random
     0 | D:1      | 0 ||| qw: Goals: Normal
     0 | D:1      | 0 ||| PLANNING D:1-11
   114 | D:1      | Found Dolelaqaar's General Store.
   117 | D:1      | 117 ||| SHOPLISTING +8 triple crossbow (624 gold, have 42).
   117 | D:1      | 117 ||| SHOPLISTING 2 potions of heal wounds (120 gold,
                  | have 42).
   117 | D:1      | 117 ||| SHOPLISTING potion of heal wounds (60 gold, have
                  | 42).
   117 | D:1      | 117 ||| SHOPLISTING ring of resist corrosion (240 gold,
                  | have 42).
   117 | D:1      | 117 ||| BUYING scroll of identify (24 gold).
   117 | D:1      | Bought a scroll of identify for 24 gold pieces
   129 | D:1      | Found a faded altar of an unknown god.
   242 | D:1      | Reached XP level 2. HP: 17/17 MP: 2/2
   456 | D:1      | 456 ||| DROPPING amulet of magic regeneration.
   457 | D:1      | 457 ||| READING scroll labelled RELUTH DIVUBET.
   458 | D:1      | 458 ||| READING scroll labelled CUGASU OSCHYZI.
   459 | D:1      | 459 ||| READING scroll labelled SIXTAA FIZXUM.
   460 | D:1      | 460 ||| READING scroll labelled ENUUT XAISIPEN.
   461 | D:1      | 461 ||| READING scroll labelled RIETEFRUKO.
   462 | D:1      | 462 ||| READING scroll labelled XIM QOL NESAIXO.
   465 | D:1      | 465 ||| DROPPING scroll of butterflies.
   554 | D:2      | Reached XP level 3. HP: 21/21 MP: 3/3
   559 | D:2      | Reached skill level 5 in Ranged Weapons
   606 | D:2      | Noticed Natasha
   606 | D:2      | Noticed Sigmund
   607 | D:2      | 607 ||| RETREATING.
   612 | D:2      | 612 ||| Stepping ~*~*~tactically~*~*~ (retreating).
   614 | D:2      | 614 ||| Stepping ~*~*~tactically~*~*~ (retreating).
   621 | D:2      | HP: 5/21 [Sigmund/+0 scythe (8)]
   624 | D:2      | Killed from afar by Sigmund

Levels and vault maps discovered:
D:1:      giann_forest_graveyard, layout_rooms, serial_shops,
          nicolae_shop_tiny_real_fake_doors, shapermc_ecumenical_altar_pompeii,
          minivault_24, minmay_split_cup_small
D:2:      layout_loops_cross, uniq_natasha, uniq_jessica, uniq_sigmund,
          uniq_crazy_yiuf_cottage

Skill      XL: |  1  2  3 |
---------------+----------+-----
Ranged Weapons | 5 |  5.1
Fighting       | |  2.2
Dodging        | |  1.5
Stealth        | |  1.1

Action                     || total
---------------------------++-------
   Fire: Shortbow          ||    69
    Use: Scroll            ||     6
 Armour: Leather armour    ||    16
  Dodge: Dodged            ||    24

Table legend:
 A = Non-vault XP
 B = Vault XP
 C = Vault XP percentage of total XP
 D = Non-vault monster count
 E = Vault monster count
 F = Vault count percentage of total count
                 A         B        C        D         E       F
            +---------+---------+-------+---------+---------+-------
      Total |      45 |       5 |  10.0 |      18 |       3 |  14.3
            +---------+---------+-------+---------+---------+-------
        D:1 |      25 |       5 |  16.7 |      14 |       3 |  17.6
        D:2 |      20 |       0 |   0.0 |       4 |       0 |   0.0
            +---------+---------+-------+---------+---------+-------
